 Dungeon Crawl Stone Soup version 0.24.0-37-gcf1ca852f1 (webtiles) character file.

Game seed: 494212012632970040, levelgen mode: deterministic

788 McKennaii the Chopper (level 7, -1/54 HPs)
             Began as a Demonspawn Fighter on Nov 28, 2019.
             Slain by a centaur (2 damage)
             ... on level 5 of the Dungeon.
             The game lasted 00:06:09 (3699 turns).

McKennaii the Chopper (Demonspawn Fighter)          Turns: 3699, Time: 00:06:09

Health: -1/54      AC: 12    Str: 15 (18) XL:     7   Next: 56%
Magic:  7/7        EV:  4    Int: 12      God:
Gold:   205        SH:  9    Dex: 10 (13) Spells: 6/6 levels left

rFire    . . .     SeeInvis .   a - +0 war axe
rCold    + . .     Gourm    .   c - +0 shield
rNeg     . . .     Faith    .   k - +0 chain mail
rPois    .         Spirit   .   y - +0 helmet {Int+3}
rElec    .         Reflect  .   (no cloak)
rCorr    .         Harm     .   (no gloves)
MR       +....                  (no boots)
Stlth    ..........             (no amulet)
HPRegen  0.18/turn              l - ring of protection from cold
MPRegen  0.10/turn              p - ring of protection from magic

@: no status effects
A: hooves 1, thin metallic scales 1, spiny 2, rot immunity
a: no special abilities


You were on level 5 of the Dungeon.
You were hungry.

You visited 1 branch of the dungeon, and saw 5 of its levels.
You also visited: Sewer.

You collected 205 gold pieces.

Inventory:

Hand Weapons
 a - a +0 war axe (weapon)
Armour
 c - a +0 shield (worn)
 k - a +0 chain mail (worn)
 y - a +0 helmet of intelligence (worn)
Jewellery
 l - a ring of protection from cold (left hand)
 p - a ring of protection from magic (right hand)
 B - an uncursed ring of see invisible
Wands
 n - a wand of acid (7)
Scrolls
 h - 4 scrolls of identify
 m - a scroll of remove curse
 o - a scroll of amnesia {unknown}
 s - a scroll of enchant weapon {unknown}
 t - 2 scrolls of blinking {unknown}
 w - 2 scrolls of teleportation {unknown}
 z - a scroll of enchant armour {unknown}
 A - a scroll of fog {unknown}
Potions
 b - 6 potions of curing
 d - 3 potions of might
 i - a potion of lignification
 C - a potion of flight
Comestibles
 f - 8 rations
 D - 5 chunks of flesh


   Skills:
 + Level 4.0 Fighting
 * Level 6.3 Axes
 + Level 3.4 Armour
 + Level 0.5 Dodging
 + Level 4.2 Shields


You had 6 spell levels left.
You didn't know any spells.
Your spell library contained the following spells:

 Spells                   Type           Power        Failure   Level  Hunger
 Magic Dart               Conj           #...         100%        1    ##.....
 Searing Ray              Conj           #.....       100%        2    ###....
 Dazzling Spray           Conj/Hex       #.....       100%        3    ####...
 Force Lance              Conj/Tloc      #.......     100%        4    #####..
 Fulminant Prism          Conj/Hex       #.........   100%        4    #####..
 Iskenderun's Mystic Bla  Conj           #.......     100%        4    #####..


Dungeon Overview and Level Annotations

Branches:
Dungeon (5/15)             Temple (0/1) D:4           Sewer (visited)

Altars:
Ashenzari
Zin


Innate Abilities, Weirdness & Mutations

You have large cloven feet.
You are partially covered in thin metallic scales. (AC +2)
You are mostly covered in sharp spines.
You are immune to rotting.


Message History

You are feeling hungry.
You block the centaur's attack. The centaur is struck by your spines.
The centaur hits you.
* * * LOW HITPOINT WARNING * * *
The shadow imp is struck by your spines.
The shadow imp barely misses you.
You feel better. You block the centaur's attack.
You block the shadow imp's attack.
The centaur hits you but does no damage.
You slash the shadow imp!
You kill the shadow imp!
Your shield and chain mail prevent you from hitting the centaur.
The centaur hits you.
* * * LOW HITPOINT WARNING * * *
The centaur completely misses you.
Unknown command.
Your chain mail prevents you from hitting the centaur.
The centaur is severely wounded.
The centaur hits you.
You die...

#.#...<......รท........
#.##...#..>......#####
#.###.##....#.##.#
#.##.###..##.# .....#
#..##.# ....#.###.###.#
#.##.#..(.##
#.#.5..#.## .#. #@#
.......c..?...#
..#.#..........
#..######### ##. .. ..
...


You could see a centaur.

Vanquished Creatures
  2 ogres
  A phantom (D:4)
  A big kobold (Sewer)
  A howler monkey (D:4)
  An orc priest (D:4)
  A gnoll shaman (D:5)
  2 hounds
  A bullfrog skeleton (D:3)
  An iguana (D:4)
  5 gnolls (D:5)
  5 adders
  4 river rats
  A shadow imp (D:5)
  An ooze (D:3)
  4 worms
  3 leopard geckos
  8 orcs
  2 giant cockroaches
  6 goblins
  8 hobgoblins
  11 jackals
  12 kobolds
  A quokka (D:4)
  3 ball pythons
  6 bats
  6 frilled lizards
  12 rats
109 creatures vanquished.

Notes
Turn   | Place    | Note
-------+----------+-------------------------------------------
     0 | D:1      | McKennaii the Demonspawn Fighter began the quest for the
                  | Orb.
     0 | D:1      | Reached XP level 1. HP: 18/18 MP: 1/1
   236 | D:1      | Gained mutation: You are partially covered in sharp spines.
                  | [demonic ancestry]
   236 | D:1      | Reached XP level 2. HP: 23/24 MP: 2/2
   923 | D:2      | Found a shattered altar of Ashenzari.
  1110 | D:2      | Reached skill level 2 in Axes
  1110 | D:2      | Gained mutation: You are partially covered in thin metallic
                  | scales. (AC +2) [demonic ancestry]
  1110 | D:2      | Reached XP level 3. HP: 29/29 MP: 3/3
  1793 | D:3      | Noticed an angel
  1794 | D:3      | Found a glowing silver altar of Zin.
  1839 | D:3      | Found a faded altar of an unknown god.
  2167 | D:3      | Reached skill level 3 in Axes
  2167 | D:3      | Gained mutation: You have large cloven feet. [demonic
                  | ancestry]
  2167 | D:3      | Reached XP level 4. HP: 27/35 MP: 4/4
  2422 | D:4      | Gained mutation: You are immune to rotting. [demonic
                  | ancestry]
  2422 | D:4      | Reached XP level 5. HP: 41/41 MP: 5/5
  2564 | D:4      | Reached skill level 4 in Axes
  2650 | D:4      | Noticed a phantom
  2685 | D:4      | Killed a phantom
  2685 | D:4      | Reached XP level 6. HP: 21/47 MP: 6/6
  2877 | D:4      | Reached skill level 5 in Axes
  2978 | D:4      | Found a staircase to the Ecumenical Temple.
  3302 | D:5      | Entered Level 5 of the Dungeon
  3333 | D:5      | Gained mutation: You are mostly covered in sharp spines.
                  | [demonic ancestry]
  3333 | D:5      | Reached XP level 7. HP: 43/53 MP: 7/7
  3359 | D:5      | Found a glowing drain.
  3436 | Sewer    | Entered a sewer
  3513 | Sewer    | Reached skill level 6 in Axes
  3532 | Sewer    | Found a white marble altar of Elyvilon.
  3695 | D:5      | HP: 2/54 [centaur (1)]
  3699 | D:5      | Slain by a centaur

Levels and vault maps discovered:
D:1:      ncdulo_watergridlock, layout_loops_corners, hangedman_decor_lopped
D:2:      layout_loops_corners, old_standard_altar
D:3:      layout_basic, zin_angel, chequers_ecumenical_altar_simple_redux
D:4:      layout_basic, minmay_temple_entry_from_below_a, first_ration
D:5:      layout_loops_ring, basic_altar, portal_sewer_entry_c,
          kennysheep_generic_room_8

Skill      XL: |  1  2  3  4  5  6  7 |
---------------+----------------------+-----
Shields        | 3 4 |  4.2
Axes           | 2 3 4 5 6 |  6.3
Armour         | 3 |  3.4
Fighting       | 4 |  4.0
Dodging        | |  0.5

Action                   |  1- 3 |  4- 6 |  7- 9 || total
-------------------------+-------+-------+-------++-------
Melee: War axe           |   123 |   111 |    64 ||   298
       Kick              |       |    33 |    15 ||    48
  Use: Scroll            |     4 |       |       ||     4
       Potion            |       |       |    10 ||    10
  Eat: Chunk             |     4 |     4 |     1 ||     9
Armor: Scale mail        |    17 |       |       ||    17
       Chain mail        |    62 |    49 |    28 ||   139
Dodge: Dodged            |    24 |    16 |    15 ||    55
Block: Shield            |    83 |    69 |    36 ||   188
